 Dungeon Sprint DCSS version 0.29-a0-384-g6960b1960d (webtiles) character file.

Game seed: 8959314265214221629

7912 mhtbhm the Swashbuckler (level 11, -16/126 HPs)
             Began as a Kobold Berserker on May 7, 2022.
             Was a High Priest of Trog.
             Demolished by a stone giant (29 damage)
             ... in the Dungeon (Sprint IX: "|||||||||||||||||||||||||||||").
             The game lasted 00:03:17 (2017 turns).

mhtbhm the Swashbuckler (Kobold Berserker)          Turns: 2017, Time: 00:03:18

Health: -16/126    AC: 20    Str: 20    XL:     11   Next: 46%
Magic:  11/11      EV: 14    Int:  8    God:    Trog [*****.]
Gold:   28         SH:  0    Dex: 14    Spells: 10/10 levels left

rFire   . . .      SeeInvis .   a - +9 rapier of the Dead {vorpal, rElec Will+}
rCold   . . .      Faith    .   (no shield)
rNeg    . . .      Spirit   .   b - +1 chain mail
rPois   .          Reflect  .   l - +0 helmet
rElec   +          Harm     .   (no cloak)
rCorr   .          Rampage  .   u - +0 pair of gloves
Will    +....      NoTele   +   v - +0 pair of boots
Stlth   ..........              (no amulet)
HPRegen 0.31/turn               k - +2 ring of protection
MPRegen 0.12/turn               (no ring)

@: berserking, very quick
A: small, no large weapons, nightstalker 3
a: Renounce Religion, Berserk, Trog's Hand, Brothers in Arms


You were in the Dungeon.
You worshipped Trog.
Trog was extremely pleased with you.
You visited 1 branch You collected 28 gold pieces.

Inventory:

Hand Weapons
 a - the +9 rapier of the Dead (weapon) {vorpal, rElec Will+}
   (Trog gifted it to you in the Dungeon)

   It inflicts extra damage upon your enemies.
   rElec:     It insulates you from electricity.
   Will:      It increases your willpower.
Armour
 b - a +1 chain mail (worn)
 l - a +0 helmet (worn)
 u - a +0 pair of gloves (worn)
 v - a +0 pair of boots (worn)
Jewellery
 j - a +3 ring of strength
 k - a +2 ring of protection (left hand)
 s - a +4 ring of protection
Wands
 i - a wand of acid (10)
 t - a wand of polymorph (4)
Scrolls
 h - 3 scrolls of blinking
 p - a scroll of fog
 q - 2 scrolls of enchant weapon
 r - 2 scrolls of enchant armour
Potions
 c - 4 potions of curing
 d - 5 potions of heal wounds
 e - a potion of haste
 f - 4 potions of magic
 g - a potion of invisibility
 m - a potion of might
 n - a potion of mutation
 o - a potion of ambrosia


   Skills:
 + Level 16.5 Fighting
 + Level 20.6 Short Blades
 + Level 12.2 Armour
 + Level 8.3 Dodging
 + Level 2.7 Stealth


You had 10 spell levels left.
You didn't know any spells.
Your spell library was empty.

Dungeon Overview and Level Annotations

Branches:
Dungeon (1/1)

Altars:
Cheibriados
Dithmenos
Elyvilon
Fedhas
Gozag
Hepliaklqana
Kikubaaqudgha
Makhleb
Nemelex Xobeh
Okawaru
Qazlal
Ru
Sif Muna
Trog
Uskayaw
Vehumet
Wu Jian
Xom
Yredelemnul
Zin
The Shining One
Beogh
Jiyva
Lugonu


Innate Abilities, Weirdness & Mutations

You are small and have problems with some larger weapons.
You are completely attuned to the shadows.


Message History

Things that are here:
a +0 dagger; 50 gold pieces; an orc corpse You are too injured to fight recklessly!
You are too injured to fight recklessly!
You are too injured to fight recklessly!
You are too injured to fight recklessly!
You are too injured to fight recklessly!
You are too injured to fight recklessly!
You are too injured to fight recklessly!
You are too injured to fight recklessly!
You are too injured to fight recklessly!
You are too injured to fight recklessly!
You are too injured to fight recklessly!
You are too injured to fight recklessly!
Unknown command.
An orc warrior comes into view. It is wielding a +0 dire flail.
The stone giant hits you!!
* * * LOW HITPOINT WARNING * * *
You see here 50 gold pieces.
Unknown command.
You feel much better. The stone giant hits you!!
* * * LOW HITPOINT WARNING * * *
Unknown command.
You feel much better.
The orc wizard gestures wildly while chanting.
The orc wizard flickers and vanishes!
Deactivating autopickup; reactivate with Ctrl-A.
The stone giant hits you!
Unknown command.
A red film seems to cover your vision as you go berserk!
You feel yourself moving faster!
You feel mighty! The stone giant hits you!!
* * * LOW HITPOINT WARNING * * *
You puncture the stone giant!
The stone giant is lightly wounded.
You puncture the stone giant!
The stone giant is moderately wounded.
You impale the stone giant!!
The stone giant is heavily wounded.
The stone giant hits you!!
You die...

▓.▓.▓.▓_▓
▓.▓.▓.▓_▓
▓.▓.▓.▓_▓
▓.▓'▓.▓_▓
▓{▓.▓.▓.▓_▓
▓o▓.▓.▓.▓_▓
▓o▓.▓.▓.▓_▓
▓C▓.▓.▓.▓_▓
▓@▓.▓.▓.▓'▓
▓)▓.▓(▓.▓.▓
▓)▓.▓.▓.▓.▓
▓)▓.▓.▓.▓.▓
▓.▓.▓.▓.▓.▓
▓.▓.▓.▓.▓)▓
▓.▓.▓.▓.▓)▓
▓.▓.▓.▓.▓.▓
▓.▓.▓!▓.▓.▓


You could see a stone giant, an orc warrior and an orc priest.

Vanquished Creatures
  A hydra (D)
  A boulder beetle (D)
  A skeletal warrior (D)
  A deep elf pyromancer (D)
  2 black mambas (D)
  A gargoyle (D)
  An unseen horror (D)
  3 komodo dragons (D)
  A meliai (D)
  A wraith (D)
  A yak (D)
  A vampire mosquito (D)
  4 wargs (D)
  A hell hound (D)
  An orc warrior (D)
  2 water moccasins (D)
  An ogre (D)
  5 wolves (D)
  2 centaurs (D)
  3 bullfrogs (D)
  A wight (D)
  A howler monkey (D)
  An iguana (D)
  2 adders (D)
  3 orcs (D)
  A bat (D)
  A giant cockroach (D)
  A hobgoblin (D)
  A quokka (D)
  A ball python (D)
47 creatures vanquished.

Vanquished Creatures (collateral kills)
  A hydra (D)
  An elephant (D)
  A cane toad (D)
  A water moccasin (D)
4 creatures vanquished.

Grand Total: 51 creatures vanquished

Notes
Turn   | Place    | Note
-------+----------+-------------------------------------------
     0 | D        | mhtbhm the Kobold Berserker began the quest for the Orb.
     0 | D        | Reached XP level 1. HP: 14/14 MP: 1/1
    11 | D        | Reached ** piety under Trog
    14 | D        | Reached skill level 5 in Short Blades
    14 | D        | Reached XP level 2. HP: 16/20 MP: 2/2
    79 | D        | Noticed a centaur
    79 | D        | Noticed an ogre
    84 | D        | Killed an ogre
    85 | D        | Reached skill level 8 in Short Blades
    85 | D        | Reached XP level 3. HP: 28/28 MP: 3/3
    85 | D        | Reached XP level 4. HP: 32/32 MP: 4/4
    89 | D        | Reached *** piety under Trog
    90 | D        | Reached XP level 5. HP: 37/37 MP: 5/5
    93 | D        | Killed a centaur
    94 | D        | Reached skill level 10 in Short Blades
    94 | D        | Reached skill level 5 in Dodging
   103 | D        | Reached XP level 6. HP: 39/44 MP: 6/6
   153 | D        | Found a snail-covered altar of Cheibriados.
   153 | D        | Found a shadowy altar of Dithmenos.
   154 | D        | Found a white marble altar of Elyvilon.
   155 | D        | Found a blossoming altar of Fedhas.
   156 | D        | Found an opulent altar of Gozag.
   157 | D        | Found a hazy altar of Hepliaklqana.
   158 | D        | Found a viscous altar of Jiyva.
   159 | D        | Found an ancient bone altar of Kikubaaqudgha.
   160 | D        | Found a corrupted altar of Lugonu.
   161 | D        | Found a burning altar of Makhleb.
   162 | D        | Found a sparkling altar of Nemelex Xobeh.
   163 | D        | Found an iron altar of Okawaru.
   164 | D        | Found a stormy altar of Qazlal.
   165 | D        | Found a sacrificial altar of Ru.
   166 | D        | Found a shimmering blue altar of Sif Muna.
   167 | D        | Found a bloodstained altar of Trog.
   168 | D        | Found a hide-covered altar of Uskayaw.
   169 | D        | Found a radiant altar of Vehumet.
   170 | D        | Found an ornate altar of the Wu Jian Council.
   171 | D        | Found a shimmering altar of Xom.
   172 | D        | Found a basalt altar of Yredelemnul.
   173 | D        | Found a glowing silver altar of Zin.
   174 | D        | Found a glowing golden altar of the Shining One.
   272 | D        | Noticed an orc warrior
   272 | D        | Noticed a wraith
   281 | D        | Killed a wraith
   281 | D        | Reached **** piety under Trog
   282 | D        | Reached skill level 12 in Short Blades
   282 | D        | Reached XP level 7. HP: 52/52 MP: 7/7
   285 | D        | Reached skill level 10 in Fighting
   289 | D        | Reached skill level 13 in Short Blades
   315 | D        | Killed an unseen horror
   316 | D        | Reached skill level 14 in Short Blades
   316 | D        | Reached skill level 5 in Armour
   316 | D        | Reached XP level 8. HP: 25/60 MP: 8/8
   480 | D        | Noticed a deep elf pyromancer
   480 | D        | Noticed a gargoyle
   480 | D        | Noticed a meliai
   481 | D        | Noticed a boulder beetle
   485 | D        | Killed a meliai
   485 | D        | Reached ***** piety under Trog
   486 | D        | Reached skill level 15 in Short Blades
   492 | D        | Killed a gargoyle
   496 | D        | Killed a deep elf pyromancer
   497 | D        | Reached skill level 16 in Short Blades
   497 | D        | Reached XP level 9. HP: 48/68 MP: 9/9
   669 | D        | Noticed a skeletal warrior
   710 | D        | Killed a skeletal warrior
   711 | D        | Reached skill level 17 in Short Blades
   994 | D        | Killed a boulder beetle
   995 | D        | Reached skill level 18 in Short Blades
   995 | D        | Reached XP level 10. HP: 63/76 MP: 10/10
  1116 | D        | Noticed a black mamba
  1131 | D        | Identified the +10 rapier of Ascent {antimagic, rF- Dex+7}
                  | (Trog gifted it to you in the Dungeon)
  1131 | D        | Received a gift from Trog
  1137 | D        | Killed a black mamba
  1142 | D        | Reached skill level 15 in Fighting
  1145 | D        | Noticed a komodo dragon
  1150 | D        | Reached skill level 1 in Stealth
  1160 | D        | Reached skill level 19 in Short Blades
  1172 | D        | Killed a komodo dragon
  1361 | D        | Noticed a komodo dragon
  1361 | D        | Noticed a black mamba
  1361 | D        | Noticed a komodo dragon
  1366 | D        | Killed a black mamba
  1366 | D        | Received a gift from Trog
  1371 | D        | Noticed a four-headed hydra
  1373 | D        | Noticed a cane toad
  1382 | D        | Killed a komodo dragon
  1383 | D        | Reached skill level 10 in Armour
  1383 | D        | Noticed an elephant
  1389 | D        | Killed a four-headed hydra
  1389 | D        | Reached ****** piety under Trog
  1390 | D        | Reached XP level 11. HP: 50/83 MP: 11/11
  1391 | D        | Noticed a four-headed hydra
  1399 | D        | Reached skill level 20 in Short Blades
  1400 | D        | Killed an elephant
  1400 | D        | Identified the +9 rapier of the Dead {vorpal, rElec Will+}
                  | (Trog gifted it to you in the Dungeon)
  1400 | D        | Received a gift from Trog
  1405 | D        | Killed a five-headed hydra
  1758 | D        | Received a gift from Trog
  2008 | D        | Noticed a stone giant
  2017 | D        | Demolished by a stone giant

Illustrated notes

Levels and vault maps discovered:
D:        linesprint [early_d, line_temple, items_1, d_10, items_2, lair_1,
          lair_end, items_3, orc_1, orc_end, items_4, d_15, swamp_1, shoals_1,
          snake_1, spider_1, d_20, vaults_1, items_5, swamp_end, shoals_end,
          snake_end, spider_end, vaults_end, d_27, items_6, zot_1, zot_end,
          crypt_end, forest_end, elf_end, slime_end, tomb_end, abyss_end,
          pan_hell_end]

Skill      XL: |  1  2  3  4  5  6  7  8  9 10 11 |
---------------+----------------------------------+-----
Fighting       | 4 6 8 9 11 13 14 15 16 | 16.5
Short Blades   | 5 8 10 12 14 16 18 19 20 | 20.6
Armour         | 2 3 5 6 8 10 12 | 12.2
Dodging        | 4 5 6 7 8 |  8.3
Stealth        | 1 2 |  2.7

Action                   |  1- 3 |  4- 6 |  7- 9 | 10-12 || total
-------------------------+-------+-------+-------+-------++-------
Melee: Short sword       |    14 |    25 |       |       ||    39
       Rapier            |       |     8 |   110 |   127 ||   245
       Punch             |       |       |     2 |     3 ||     5
Invok: Berserk           |       |     1 |     2 |     3 ||     6
       Brothers in Arms  |       |       |       |     2 ||     2
  Use: Potion            |     1 |       |       |     3 ||     4
       Scroll            |       |       |       |     1 ||     1
Armor: Animal skin       |       |     1 |       |       ||     1
       Chain mail        |       |     2 |    30 |    22 ||    54
Dodge: Dodged            |     3 |    14 |    24 |    42 ||    83

Table legend: (Time is in decaauts)
 A = Elapsed time spent in this place.
 B = Non-inter-level travel time spent in this place.
 C = Inter-level travel time spent in this place.
 D = Time resting spent in this place.
 E = Time spent auto-exploring this place.
 F = Levels seen in this place.
 G = Mean time per level.
                   A        B        C        D        E       F      G
               +--------+--------+--------+--------+--------+-----+--------+
         Total |   1928 |   1928 |      0 |   1284 |    135 |   1 | 1928.0 |
       Dungeon |   1928 |   1928 |      0 |   1284 |    135 |   1 | 1928.0 |
               +--------+--------+--------+--------+--------+-----+--------+

Top non-repeatable levels by time:
       D: 1928 daAuts
